 Dungeon Crawl Stone Soup version 0.24.0-28-g17ded55e90 (webtiles) character file.

Game seed: 11110817494831530988, levelgen mode: deterministic

3073 Delamore the Severer (level 9, -1/70 HPs)
             Began as a Hill Orc Fighter on Nov 12, 2019.
             Was a Follower of Qazlal.
             Slain by a death yak (15 damage)
             ... on level 8 of the Dungeon.
             The game lasted 00:10:01 (8103 turns).

Delamore the Severer (Hill Orc Fighter)             Turns: 8103, Time: 00:10:02

Health: -1/70      AC:  9    Str: 22    XL:     9   Next: 88%
Magic:  9/9        EV:  7    Int:  8    God:    Qazlal [*.....]
Gold:   420        SH: 10    Dex: 10    Spells: 8/8 levels left

rFire    . . .     SeeInvis .   a - +0 war axe
rCold    . . .     Gourm    .   c - +0 shield
rNeg     . . .     Faith    .   b - +0 scale mail
rPois    .         Spirit   .   u - +0 helmet
rElec    .         Reflect  .   (no cloak)
rCorr    .         Harm     .   g - +0 pair of gloves
MR       .....                  (no boots)
Stlth    ++........             (no amulet)
HPRegen  0.21/turn              L - ring of stealth
MPRegen  0.11/turn              D - ring of stealth

@: no status effects
A: no striking features
a: Renounce Religion


You were on level 8 of the Dungeon.
You worshipped Qazlal.
Qazlal was aware of your devotion.
You were hungry.

You visited 2 branches of the dungeon, and saw 9 of its levels.

You collected 420 gold pieces.

Inventory:

Hand Weapons
 a - a +0 war axe (weapon)
 M - the +6 short sword "Siodepse" {pierce, rElec rN++ Str-4}
   (You found it on level 7 of the Dungeon)

   It inflicts extra damage upon your enemies.
   It affects your strength (-4).
   It insulates you from electricity.
   It greatly protects you from negative energy.
Missiles
 h - a throwing net
 x - 6 atropa-tipped darts (quivered)
 y - 13 poisoned darts
Armour
 b - a +0 scale mail (worn)
 c - a +0 shield (worn)
 g - a +0 pair of gloves (worn)
 u - a +0 helmet (worn)
Jewellery
 D - a ring of stealth (right hand)
 L - a ring of stealth (left hand)
Scrolls
 e - 2 scrolls of remove curse
 j - 2 scrolls of enchant armour {unknown}
 m - 2 scrolls of immolation
 n - 2 scrolls of enchant weapon {unknown}
 o - 3 scrolls of fog {unknown}
 t - 8 scrolls of identify
 z - 3 scrolls of teleportation
 A - a scroll of fear {unknown}
 B - 3 scrolls of noise {unknown}
 C - 3 scrolls of magic mapping {unknown}
 E - a scroll of amnesia {unknown}
 F - a scroll of vulnerability {unknown}
 G - 2 scrolls of blinking {unknown}
 I - a scroll of holy word {unknown}
Potions
 d - 3 potions of might
 i - 2 potions of flight {unknown}
 k - 3 potions of heal wounds
 l - 4 potions of curing {unknown}
 p - 3 potions of haste {unknown}
 s - 2 potions of ambrosia {unknown}
 v - 2 potions of berserk rage {unknown}
 w - 4 potions of lignification {unknown}
 H - a potion of magic {unknown}
 K - a potion of degeneration {unknown}
Comestibles
 f - 10 rations


   Skills:
 - Level 3.6 Fighting
 + Level 16.4 Axes
 - Level 3.2 Armour
 - Level 3.2 Shields


You had 8 spell levels left.
You didn't know any spells.
Your spell library was empty.

Dungeon Overview and Level Annotations

Branches:
Dungeon (8/15)             Temple (1/1) D:5
   Lair: D:8-11

Altars:
Ashenzari
Cheibriados
Dithmenos
Elyvilon
Fedhas
Gozag
Hepliaklqana
Makhleb
Nemelex Xobeh
Okawaru
Qazlal
Ru
Sif Muna
Trog
Uskayaw
Vehumet
Xom
Yredelemnul
Zin
The Shining One


Message History

The death yak gores you but does no damage.
You slash the death yak!
The death yak is almost dead.
You hit the death yak.
You kill the death yak!
Qazlal accepts your kill.
Your Axes skill increases to level 16!
You start resting.
You are feeling hungry.
You start resting.
HP restored.
You climb downwards.
A slave comes into view.
The death yak gores you! x2; The death yak gores you!!
There is a stone staircase leading up, spattered with blood here.
The death yak snorts and paws the ground.
The death yak gores you!
* * * LOW HITPOINT WARNING * * *
The death yak gores you!
You die... ...... ...... ..#..##......
Yp..........

....!......
..........
.Y.......
#YY......
#@.......
#Y.....(.
....#####
.....#
......#
#......#
#......#
#......#


You could see 5 death yaks and a slave.

Vanquished Creatures
  A death yak (D:7)
  Menkaure (D:4)
  Duvessa (D:4)
  A sky beast (D:6)
  An ice beast (D:6)
  An ogre (D:6)
  A centaur (D:5)
  A big kobold (D:3)
  4 bullfrogs
  Dowan (D:4)
  2 scorpions
  3 wights (D:7)
  4 howler monkeys
  4 hounds
  A gnoll shaman (D:4)
  2 jellies
  2 orc wizards (D:4)
  3 orc priests
  A centaur skeleton (D:7)
  2 iguanas (D:6)
  6 worker ants
  2 killer bee zombies
  2 hound zombies (D:5)
  14 gnolls
  12 adders
  2 oozes
  An adder skeleton (D:5)
  3 dart slugs
  8 leopard geckos
  26 orcs
  6 giant cockroaches
  32 hobgoblins
  8 jackals
  9 kobolds
  A quokka (D:2)
  A ball python (D:1)
  10 bats
  5 frilled lizards
  A giant cockroach zombie (D:5)
  30 goblins
  3 rats
219 creatures vanquished.

Notes
Turn   | Place    | Note
-------+----------+-------------------------------------------
     0 | D:1      | Delamore the Hill Orc Fighter began the quest for the Orb.
     0 | D:1      | Reached XP level 1. HP: 19/19 MP: 1/1
    55 | D:1      | Reached skill level 3 in Axes
   130 | D:1      | Reached XP level 2. HP: 25/26 MP: 2/2
   225 | D:1      | Reached skill level 4 in Axes
   485 | D:2      | Reached XP level 3. HP: 31/31 MP: 3/3
   832 | D:2      | Reached skill level 5 in Axes
   851 | D:2      | Found a snail-covered altar of Cheibriados.
  1119 | D:3      | Reached XP level 4. HP: 37/39 MP: 4/4
  1329 | D:3      | Reached skill level 6 in Axes
  1497 | D:3      | Noticed a big kobold
  1502 | D:3      | Reached XP level 5. HP: 24/45 MP: 5/5
  1512 | D:3      | Killed a big kobold
  1512 | D:3      | Reached skill level 7 in Axes
  1844 | D:3      | Reached skill level 8 in Axes
  1846 | D:3      | Reached XP level 6. HP: 48/51 MP: 6/6
  2137 | D:3      | Found a white marble altar of Elyvilon.
  2715 | D:3      | Reached skill level 9 in Axes
  3251 | D:4      | Reached XP level 7. HP: 52/57 MP: 7/7
  3268 | D:4      | Reached skill level 10 in Axes
  3494 | D:4      | Noticed Menkaure
  3502 | D:5      | Entered Level 5 of the Dungeon
  3875 | D:4      | Noticed Duvessa
  3875 | D:4      | Noticed Dowan
  3891 | D:4      | Killed Duvessa
  3891 | D:4      | Reached skill level 11 in Axes
  3892 | D:4      | Killed Dowan
  4115 | D:4      | Reached XP level 8. HP: 60/64 MP: 8/8
  4296 | D:4      | Killed Menkaure
  4296 | D:4      | Reached skill level 12 in Axes
  4843 | D:5      | Found a bloodstained altar of Trog.
  4843 | D:5      | Found a glowing golden altar of the Shining One.
  5188 | D:5      | Found a staircase to the Ecumenical Temple.
  5205 | Temple   | Entered the Ecumenical Temple
  5280 | Temple   | Became a worshipper of Qazlal Stormbringer
  5637 | D:6      | Reached skill level 13 in Axes
  6325 | D:6      | Reached skill level 14 in Axes
  6325 | D:6      | Reached XP level 9. HP: 64/70 MP: 9/9
  6844 | D:7      | Reached * piety under Qazlal
  7000 | D:7      | Reached skill level 15 in Axes
  7759 | D:7      | Got a pitted short sword
  7760 | D:7      | Identified the +6 short sword "Siodepse" {pierce, rElec
                  | rN++ Str-4} (You found it on level 7 of the Dungeon)
  7772 | D:7      | Found a burning altar of Makhleb.
  7903 | D:8      | Noticed a death yak
  7903 | D:8      | Noticed a death yak
  7904 | D:8      | Noticed a death yak
  7906 | D:8      | Noticed a death yak
  7906 | D:8      | Noticed a death yak
  7906 | D:8      | Noticed a death yak
  7907 | D:8      | Noticed a death yak
  7931 | D:7      | Killed a death yak
  7931 | D:7      | Reached skill level 16 in Axes
  8103 | D:8      | Slain by a death yak

Levels and vault maps discovered:
D:1:      dpeg_arrival_arbitrary_c, layout_loops_ring, minmay_tiny_reverse_x
D:2:      layout_loops_ring, kennysheep_slug_shrine, first_ration
D:3:      minmay_goblin_kobold_castle, layout_basic, minmay_misc_feat_roman,
          elyvilon_altar_5
D:4:      layout_loops_ring, uniq_duvessa, uniq_menkaure
D:5:      layout_cave_pods, gammafunk_temple_overflow_elements, temple_green,
          chequers_serial_rivers_small_b
D:6:      layout_loops_ring
D:7:      kb_forest_paths, layout_basic, lemuel_round_altar
D:8:      layout_gridville, dpeg_lair_monsters, serial_shops, shop, serial_ice,
          serial_ice_m, serial_ice_c, serial_ice_g, serial_ice_i,
          david_nohive_1, nrook_mini_vaults, uniq_joseph, uniq_pikel
Temple:   eino_narrow_crystal_temple

Skill      XL: |  1  2  3  4  5  6  7  8  9 |
---------------+----------------------------+-----
Axes           | 3 4 5 6 8 9 11 14 16 | 16.4
Fighting       | |  3.6
Armour         | |  3.2
Shields        | |  3.2

Action                   |  1- 3 |  4- 6 |  7- 9 || total
-------------------------+-------+-------+-------++-------
Melee: War axe           |    97 |   203 |   342 ||   642
       Short sword       |       |       |    12 ||    12
Throw: Throwing net      |       |       |     1 ||     1
  Use: Scroll            |       |       |     4 ||     4
       Potion            |       |       |     2 ||     2
  Eat: Chunk             |     1 |     7 |    15 ||    23
Armor: Scale mail        |    48 |   124 |   102 ||   274
Dodge: Dodged            |    33 |    65 |    77 ||   175
Block: Shield            |    57 |   122 |   118 ||   297
